 Dungeon Crawl Stone Soup version 0.17.1-1-g73c8601 (webtiles) character file.

72 penguinsfan71 the Grave Robber (level 4, -8/31 HPs)
             Began as a Vampire Necromancer on Dec 23, 2015.
             Was a Follower of Nemelex Xobeh.
             Killed by nerve-wracking pain
             ... invoked by Grinder
              (14 damage)
             ... on level 3 of the Dungeon.
             The game lasted 00:16:28 (2575 turns).

penguinsfan71 the Grave Robber (VpNe)               Turns: 2575, Time: 00:16:29

Health: -8/31      AC:  2    Str:  7    XL:     4   Next: 6%
Magic:  4/8        EV: 12    Int: 18    God:    Nemelex Xobeh [*.....]
Gold:   145        SH:  0    Dex: 14    Spells: 1 memorised, 7 levels left

rFire  . . .     SeeInvis +     i - +0 whip
rCold  . . .     Clarity  .     a - +0 robe
rNeg   + . .     SustAt   .     (no shield)
rPois  .         Gourm    .     (no helmet)
rElec  .         Spirit   .     (no cloak)
rCorr  .         Warding  .     (no gloves)
rMut   .         Stasis   .     (no boots)
MR     .....                    (no amulet)
Stlth  ++........               (no ring)
                                (no ring)

@: not resistant to hostile enchantments, unstealthy
A: fangs 3, see invisible, unbreathing
a: Bat Form, Renounce Religion


You were on level 3 of the Dungeon.
You worshipped Nemelex Xobeh.
Nemelex Xobeh was aware of your devotion.
You were not thirsty.

You visited 1 branch of the dungeon, and saw 3 of its levels.

You collected 171 gold pieces.

Inventory:

Hand Weapons
 f - a +0 club
 g - a +0 dagger
 i - a +0 whip (weapon)
 j - a +0 short sword
Missiles
 d - 12 poisoned needles
 h - 31 bolts
Armour
 a - a +0 robe (worn)
 n - a +0 large shield
Jewellery
 u - an uncursed ring of sustain attributes
Wands
 p - a wand of magic darts (19)
 t - a wand of fireball (5)
Scrolls
 e - a scroll of remove curse
 m - 2 scrolls of magic mapping {unknown}
 q - a scroll of noise {unknown}
 r - a scroll of enchant weapon {unknown}
 v - a scroll of fog {unknown}
 w - a scroll of identify {unknown}
Potions
 c - 13 potions of blood
 l - a potion of heal wounds {unknown}
 o - a potion of magic {unknown}
 s - a potion of poison {unknown}
 x - a potion of flight {unknown}
 z - a potion of lignification {unknown}
Books
 b - a book of Necromancy

   Spells                             Type                      Level
   a - Pain                           Necromancy                   1
   b - Animate Skeleton               Necromancy                   1
   c - Vampiric Draining              Necromancy                   3
   d - Regeneration                   Charms/Necromancy            3
   e - Animate Dead                   Necromancy                   4
   f - Control Undead                 Necromancy                   4
Miscellaneous
 k - a plain deck of escape {drawn: 2}


   Skills:
 + Level 0.5 Fighting
 + Level 2.3 Dodging
 + Level 3.0 Stealth
 + Level 2.9 Spellcasting
 + Level 5.4 Necromancy


You had 7 spell levels left.
You knew the following spells:

 Your Spells              Type           Power        Failure   Level  Hunger
a - Pain                  Necr           ###.         1%          1    None


Dungeon Overview and Level Annotations

Branches:
Dungeon (3/15)

Altars:
Nemelex Xobeh

Annotations:
D:3 Grinder


Innate Abilities, Weirdness & Mutations

You have razor-sharp teeth.
You have supernaturally acute eyesight.
You can survive without breathing.


Message History

Casting: Pain
Confirm with . or Enter, or press ? or * to list all spells.
Aiming: Pain
Press: ? - help, Shift-Dir - straight line, f/p - Grinder
Aim: Grinder (lightly wounded, chance to defeat MR: 81%) Grinder is unaffected.
Casting: Pain
Confirm with . or Enter, or press ? or * to list all spells.
Aiming: Pain
Press: ? - help, Shift-Dir - straight line, f - adder, p - Grinder
Aim: an adder (chance to defeat MR: 87%)
The adder convulses in agony!
The adder bites you.
* * * LOW HITPOINT WARNING * * *
Grinder barely misses you. The adder closely misses you.
Evoke which item? (* to show all) (? for menu, Esc to quit)
You draw a card...
It is the Cloud.
Clouds appear around you! Grinder gestures at you.
Pain shoots through your body!
You die...
Your body disappears without a glow.

### ....... ####### ....... ..≈≈
......# ........###### ..≈(≈
.[....##.##..........# ..≈≈≈
....................=# .....
.......# ............+ ...#
.......# #......§§§..##. ###+##.#
......†###.....#@S§..... .......
####'#...#.....#5§§..... ##.....
#....#...#.....#§§...... ...#.##
#.####.#.#.....#........ ##.#...
#.####.###.##....###########.###.
.................................
#.####.###.......######.#.###.###
#.# #..§......#.# #.###
#'##############.# #....


You could see Grinder and an adder.

Vanquished Creatures
  A gnoll (D:1)
  3 worms
  A giant gecko (D:3)
  A ball python (D:2)
  7 bats
  4 giant cockroaches
  5 goblins
  6 hobgoblins
  5 kobolds
  A giant newt (D:2)
  9 jackals
  4 rats
47 creatures vanquished.

Notes
Turn   | Place    | Note
--------------------------------------------------------------
     0 | D:1      | penguinsfan71 the Vampire Necromancer began the quest for the Orb.
     0 | D:1      | Reached XP level 1. HP: 13/13 MP: 3/3
    73 | D:1      | Found a sparkling altar of Nemelex Xobeh.
    79 | D:1      | Became a worshipper of Nemelex Xobeh the Trickster
   230 | D:1      | Received a gift from Nemelex Xobeh
   444 | D:1      | Reached XP level 2. HP: 19/19 MP: 3/5
   653 | D:1      | Reached skill level 5 in Necromancy
  1116 | D:1      | Reached XP level 3. HP: 13/24 MP: 2/6
  1595 | D:2      | Reached * piety under Nemelex Xobeh
  1821 | D:2      | Found a faded altar to an unknown god.
  2491 | D:3      | Reached XP level 4. HP: 27/31 MP: 3/8
  2518 | D:3      | Noticed Grinder
  2527 | D:3      | Paralysed by Grinder for 5 turns
  2561 | D:3      | Paralysed by Grinder for 2 turns
  2575 | D:3      | Killed from afar by Grinder

Action                   |  1- 3 |  4- 6 || total
-------------------------+-------+-------++-------
Melee: Whip              |    18 |     4 ||    22
 Cast: Pain              |    80 |     9 ||    89
Evoke: Deck              |       |     2 ||     2
  Use: Potion            |     5 |       ||     5
       Scroll            |     1 |       ||     1
